 Dungeon Crawl Stone Soup version 0.20-a0-1026-gc3ddcbd (console) character file.

72283 nht the Blocker (level 15, -6/109 (110) HPs)
             Began as a Demonspawn Monk on Apr 20, 2017.
             Was the Champion of Ashenzari.
             Killed from afar by Duffy's ghost (34 damage)
             ... with an orb of energy
             ... on level 6 of the Lair of Beasts.
             The game lasted 00:43:46 (16333 turns).

nht the Blocker (Demonspawn Monk)                  Turns: 16333, Time: 00:43:47

HP:   -6/109 (110)  AC: 12    Str: 12    XL:     15   Next: 0%
MP:   11/23         EV: 16    Int: 17    God:    Ashenzari [******]
Gold: 1259          SH: 23    Dex: 20    Spells: 10/25 levels left

rFire    + . .     SeeInvis +   e - +1 short sword (elec) (curse)
rCold    + . .     Gourm    .   J - +1 shield (curse)
rNeg     . . .     Faith    .   w - +1 scale mail of the Unbroken {rPois Dex+4} (curse)
rPois    +         Spirit   .   (helmet unavailable)
rElec    .         Reflect  .   M - +0 cloak (curse)
rCorr    .         Harm     .   D - +0 pair of gloves (curse)
MR       ++...     Clarity  +   (no boots)
Stlth    +.........             (no amulet)
Regen    0.3/turn               g - ring of protection from magic (curse)
MPRegen  0.2/turn               r - ring of protection from fire (curse)

@: no status effects
A: horns 3, large bone plates 3, cold resistance 1, demonic guardian 1
a: Curse Item, Scrying, Transfer Knowledge, Renounce Religion


You were on level 6 of the Lair of Beasts.
You worshipped Ashenzari.
Ashenzari was exalted by your worship.
You were hungry.

You visited 2 branches of the dungeon, and saw 18 of its levels.
You also visited: Bailey.

You collected 1659 gold pieces.
You spent 400 gold pieces at shops.

Inventory:

Hand Weapons
 e - a cursed +1 short sword of electrocution (weapon)
 Z - a +2 demon blade of pain
Armour
 w - the cursed +1 scale mail of the Unbroken (worn) {rPois Dex+4}
   (You found it on level 5 of the Dungeon)

   It affects your dexterity (+4).
   It protects you from poison.
   It has a curse placed upon it.
 D - a cursed +0 pair of gloves (worn)
 J - a cursed +1 shield (worn)
 M - a cursed +0 cloak (worn)
 X - a +0 large shield
Jewellery
 g - a cursed ring of protection from magic (left hand)
 r - a cursed ring of protection from fire (right hand)
 t - the cursed necklace of Bloodlust {*Rage +Rage MR++ Int-3 Slay+6 *Curse}
   (You found it on level 11 of the Dungeon)

   [amulet of rage]

   It affects your intelligence (-3).
   It affects your accuracy and damage with ranged weapons and melee attacks
   (+6).
   It affects your resistance to hostile enchantments.
   It lets you go berserk.
   It may make you go berserk in combat.
   It curses itself when equipped.
   It has a curse placed upon it.
Wands
 j - a wand of digging (8/24)
 k - a wand of lightning (5/15)
 u - a wand of digging (6/24)
 E - a wand of polymorph (12/24)
 F - a wand of polymorph (10/24)
 I - a wand of iceblast (8/15)
 L - a wand of polymorph (14/24)
 O - a wand of flame (13/48)
Scrolls
 a - 12 scrolls of remove curse
 c - 5 scrolls of immolation
 n - 6 scrolls of amnesia
 o - a scroll of enchant weapon
 x - 3 scrolls of blinking
 A - 9 scrolls of teleportation
 C - 3 scrolls of magic mapping
 H - 2 scrolls of recharging
Potions
 d - 4 potions of resistance
 f - 5 potions of curing
 i - a potion of lignification
 m - 3 potions of magic
 p - a potion of agility
 q - a potion of might
 s - 2 potions of haste
 N - 5 potions of heal wounds {unknown}
 P - 4 potions of brilliance {unknown}
 R - 5 potions of mutation
 U - 3 potions of flight
Books
 v - a book of Misfortune

   Spells                             Type                      Level
   a - Confusing Touch                Hexes                        1
   b - Confuse                        Hexes                        3
   c - Gell's Gravitas                Translocation                3
   d - Petrify                        Transmutation/Earth          4
   e - Metabolic Englaciation         Hexes/Ice                    5
   f - Yara's Violent Unravelling     Hexes/Transmutation          5
 y - a book of Cantrips

   Spells                             Type                      Level
   a - Confusing Touch                Hexes                        1
   b - Animate Skeleton               Necromancy                   1
   c - Summon Small Mammal            Summoning                    1
   d - Apportation                    Translocation                1
 B - a book of Clouds

   Spells                             Type                      Level
   a - Poisonous Vapours              Poison/Air                   2
   b - Mephitic Cloud                 Conjuration/Poison/Air       3
   c - Conjure Flame                  Conjuration/Fire             3
   d - Freezing Cloud                 Conjuration/Ice/Air          6
   e - Ring of Flames                 Charms/Fire                  7
 K - a book of Air

   Spells                             Type                      Level
   a - Shock                          Conjuration/Air              1
   b - Swiftness                      Charms/Air                   2
   c - Static Discharge               Conjuration/Air              3
   d - Airstrike                      Air                          4
   e - Lightning Bolt                 Conjuration/Air              5
Miscellaneous
 Q - a sack of spiders
 S - a lamp of fire
Comestibles
 b - 8 bread rations
 h - 13 royal jellies
 l - 25 fruits
 z - 5 meat rations
 G - 5 chunks of flesh


   Skills:
 - Level 7.8 Fighting
 - Level 8.3(12.7) Short Blades
 - Level 6.6(9.7) Armour
 - Level 7.6(10.6) Dodging
 - Level 3.6 Stealth
 - Level 12.3(15.0) Shields
 - Level 0.5 Unarmed Combat
 + Level 5.6 Spellcasting
 + Level 6.0(9.1) Conjurations
 + Level 9.5(12.3) Air Magic
 - Level 7.6(10.6) Evocations


You had 10 spell levels left.
You knew the following spells:

 Your Spells              Type           Power        Failure   Level  Hunger
a - Static Discharge      Conj/Air       #####...     1%          3    ##.....
b - Airstrike             Air            #####.....   3%          4    ####...
c - Lightning Bolt        Conj/Air       #####.....   17%         5    ######.
d - Mephitic Cloud        Conj/Pois/Air  ####....     8%          3    ##.....


Dungeon Overview and Level Annotations

Branches:
Dungeon (12/15)            Temple (0/1) D:7            Lair (6/6) D:11
 Shoals (0/4) Lair:3       Spider (0/4) Lair:4        Slime (0/5) Lair:6
    Orc: D:9-12

Altars:
Ashenzari
Kikubaaqudgha
Okawaru
Qazlal
Sif Muna
Trog
Uskayaw
Wu Jian
Xom
Yredelemnul
Zin
The Shining One

Shops:
D:10 !

Annotations:
D:8 exclusion: oklob plant
Lair:4 rcorr, exclusion: oklob plant
Lair:6 Duffy's ghost, journeyman DEFE


Innate Abilities, Weirdness & Mutations

You have a pair of large horns on your head.
You are completely covered in large bone plates. (SH +8)
Your flesh is cold resistant. (rC+)
A weak demonic guardian rushes to your aid.


Message History

You hit Duffy's ghost.
Duffy's ghost is severely damaged.
Duffy's ghost gestures at you while chanting.
The flame tongue hits you! You resist.
You hit Duffy's ghost.
Duffy's ghost is severely damaged.
You miss Duffy's ghost.
Duffy's ghost is severely damaged.
Duffy's ghost hits you.
You hit Duffy's ghost but do no damage. Your headbutt misses Duffy's ghost.
Duffy's ghost is severely damaged.
You hit Duffy's ghost but do no damage. Your headbutt misses Duffy's ghost.
Duffy's ghost is severely damaged.
Duffy's ghost points at you and mumbles some strange words.
The orb of energy hits you!
* * * LOW HITPOINT WARNING * * *
The orb of energy explodes!
Duffy's ghost casts a spell at you. The orb of energy hits you!
You die...

, ,, ** ,, ,, ** * * , ,,
** , ..P...,* **, ,,,,, *
█████.....█ * * ** , ,,, *
█████P█.█......, *,* , * ,,
,, ..PP..█........ ,,, ,, ,
, ,..............., , , ,,
, , ..............., ,,,,
,, ,,, ,,,........†......,
, ,, ,,,, ,.......@.......
, , ,
,,*,,,,,,...█...W.......,,,
,,, , ,**,,,.......†.......
,,* ** ,,...............
,,, ,, , ,,
,,,..............., ,,, , ,
, ,,,,..............█, ,,,
, , , ,.....P......... , ,,
, , , ,, ....█..........
,,,, , , ,,,,,, , , ,,,, ,
,,, * , ,


You could see Duffy's ghost.

Vanquished Creatures
  An orc warlord (Bailey)
  Harold (D:11)
  6 hydras
  5 two-headed ogres
  The ghost of FrozenPanda the Carver, a novice HaFi (D:8)
  An unseen horror (D:11)
  Pikel (D:4)
  A deep elf mage (D:11)
  2 ugly things (D:11)
  4 elephants (Lair:5)
  The ghost of claquette the Ruffian, a novice TrMo (D:5)
  Maurice (D:10)
  A centaur skeleton (D:10)
  A torpor snail (Lair:5)
  3 black mambas
  Psyche (D:8)
  7 spiny frogs
  A kobold demonologist (D:12)
  3 rime drakes
  A demonic crawler (Lair:4)
  2 polar bears
  A queen bee (Lair:5)
  3 trolls
  3 meliai (Lair:5)
  A tyrant leech (Lair:4)
  5 blink frogs
  Grinder (D:5)
  3 slime creatures (D:11)
  7 hippogriffs
  2 wraiths
  2 wyverns (Lair:5)
  3 hogs (D:7)
  25 yaks
  5 basilisks
  A steam dragon (D:10)
  A human (D:7)
  5 water moccasins
  Edmund (D:5)
  2 black bears
  7 porcupines
  9 orc warriors
  4 ice beasts
  2 sky beasts
  9 necrophages
  7 wolves
  3 centaurs (D:6)
  3 ogres
  8 crocodiles
  Blork the orc (D:5)
  12 bullfrogs
  2 big kobolds
  A wyvern zombie (D:11)
  7 scorpions
  A water moccasin skeleton (D:5)
  27 killer bees (Lair:5)
  A howler monkey (D:5)
  A wight (D:12)
  4 crimson imps
  4 bullfrog zombies
  A quasit (D:11)
  9 hounds
  4 orc priests
  5 jellies
  3 bullfrog skeletons
  3 iguanas
  14 orc wizards
  13 worker ants
  A hell rat (Lair:5)
  2 killer bee zombies
  A hound skeleton (D:5)
  3 worker ant zombies
  Robin (D:2)
  11 adders
  2 gnolls (Bailey)
  5 shadow imps
  11 oozes
  An adder skeleton (D:5)
  6 worms
  A dart slug (D:2)
  8 leopard geckos
  29 orcs
  7 giant cockroaches
  15 goblins
  2 hobgoblins (D:2)
  2 jackals (D:1)
  2 quokkas (D:6)
  2 bats
  2 frilled lizards (D:2)
  27 kobolds
  A leopard gecko zombie (D:8)
  8 rats
431 creatures vanquished.

Vanquished Creatures (collateral kills)
  A troll (D:10)
  A hornet (D:7)
  A blink frog (Lair:3)
  A hippogriff (D:10)
  A basilisk (Lair:3)
  A hog (D:7)
  A yak (Lair:4)
  A water moccasin (Lair:6)
  A sky beast (D:7)
  A wolf (Lair:5)
  2 crocodiles (Lair:3)
  A howler monkey skeleton (D:8)
  An ooze (D:8)
  A leopard gecko (D:11)
  An orc (D:10)
16 creatures vanquished.

Vanquished Creatures (others)
  A water moccasin (Lair:6)
  8 fungi
  2 plants (Lair:5)
11 creatures vanquished.

Grand Total: 458 creatures vanquished

Notes
Turn   | Place    | Note
-------+----------+-------------------------------------------
     0 | D:1      | nht the Demonspawn Monk began the quest for the Orb.
     0 | D:1      | Reached XP level 1. HP: 19/19 MP: 1/1
   270 | D:1      | Found a shimmering altar of Xom.
   414 | D:1      | Reached skill level 1 in Short Blades
   997 | D:1      | Gained mutation: Your flesh is cold resistant. (rC+) [demonic ancestry]
   997 | D:1      | Reached XP level 2. HP: 24/25 MP: 2/2
  1286 | D:2      | Found a shattered altar of Ashenzari.
  1345 | D:2      | Gained mutation: You have a pair of small horns on your head. [demonic ancestry]
  1345 | D:2      | Reached XP level 3. HP: 30/30 MP: 3/3
  1357 | D:2      | Became a worshipper of Ashenzari the Shackled
  1357 | D:2      | Reached * piety under Ashenzari
  1357 | D:2      | Reached ** piety under Ashenzari
  1920 | D:2      | Noticed a moth of wrath
  1921 | D:2      | Noticed Robin
  1939 | D:2      | Killed Robin
  1997 | D:2      | Reached XP level 4. HP: 24/37 MP: 4/4
  2125 | D:2      | Found a bloodstained altar of Trog.
  2448 | D:3      | Found a hide-covered altar of Uskayaw.
  2814 | D:3      | Found an ancient bone altar of Kikubaaqudgha.
  3076 | D:3      | Gained mutation: A weak demonic guardian rushes to your aid. [demonic ancestry]
  3076 | D:3      | Reached XP level 5. HP: 39/42 MP: 5/5
  3325 | D:4      | Reached skill level 5 in Short Blades
  3526 | D:4      | Reached *** piety under Ashenzari
  3604 | D:4      | Found a glowing silver altar of Zin.
  3744 | D:4      | Gained mutation: You have a pair of horns on your head. [demonic ancestry]
  3744 | D:4      | Reached XP level 6. HP: 48/48 MP: 6/6
  3860 | D:4      | Noticed a slave
  3867 | D:4      | Noticed a slave
  3869 | D:4      | Noticed a slave
  3872 | D:4      | Noticed Pikel
  3872 | D:4      | Noticed a slave
  3882 | D:4      | Killed Pikel
  3882 | D:4      | Gained mutation: You are partially covered in large bone plates. (SH +4) [demonic ancestry]
  3882 | D:4      | Reached XP level 7. HP: 42/54 MP: 7/7
  3982 | D:5      | Entered Level 5 of the Dungeon
  4068 | D:5      | Noticed Grinder
  4079 | D:5      | Killed Grinder
  4083 | D:5      | Noticed Edmund
  4097 | D:5      | Killed Edmund
  4097 | D:5      | Gained mutation: You are mostly covered in large bone plates. (SH +6) [demonic ancestry]
  4097 | D:5      | Reached XP level 8. HP: 35/60 MP: 7/9
  4255 | D:5      | Noticed Blork the orc
  4265 | D:5      | Killed Blork the orc
  4298 | D:5      | Got the uncursed scale mail of the Unbroken {rPois Dex+4}
  4309 | D:5      | Identified the +1 scale mail of the Unbroken {rPois Dex+4} (You found it on level 5 of the Dungeon)
  4373 | D:5      | Reached skill level 1 in Armour
  4377 | D:5      | Noticed claquette's ghost (novice TrMo)
  4407 | D:5      | Killed claquette's ghost
  4719 | D:5      | Found a basalt altar of Yredelemnul.
  4719 | D:5      | Found a stormy altar of Qazlal.
  4722 | D:5      | Found a deep blue altar of Sif Muna.
  5003 | D:6      | Found a shattered altar of Ashenzari.
  5041 | D:6      | Reached skill level 5 in Dodging
  5140 | D:6      | Reached XP level 9. HP: 44/65 MP: 12/12
  5419 | D:6      | Reached skill level 5 in Evocations
  5460 | D:6      | Reached **** piety under Ashenzari
  5530 | D:6      | Found a glowing golden altar of the Shining One.
  6074 | D:7      | Paralysed by a hornet for 2 turns
  6230 | D:7      | Found a deep blue altar of Sif Muna.
  6500 | D:7      | Found a staircase to the Ecumenical Temple.
  6532 | D:7      | Reached skill level 5 in Armour
  6893 | D:7      | Reached XP level 10. HP: 62/71 MP: 13/15
  7356 | D:8      | Noticed a two-headed ogre
  7379 | D:8      | Killed a two-headed ogre
  7443 | D:8      | Noticed an oklob plant
  7520 | D:8      | Noticed FrozenPanda's ghost (novice HaFi)
  7565 | D:8      | Killed FrozenPanda's ghost
  7736 | D:8      | Reached skill level 1 in Shields
  7817 | D:8      | Noticed Psyche
  7820 | D:8      | Killed Psyche
  7820 | D:8      | Reached skill level 2 in Shields
  8153 | D:9      | Found a flagged portal.
  8176 | Bailey   | Entered a bailey
  8181 | Bailey   | Noticed an orc warlord
  8201 | Bailey   | Reached skill level 3 in Shields
  8287 | Bailey   | Reached ***** piety under Ashenzari
  8288 | Bailey   | Found a runed gate.
  8288 | Bailey   | Found a runed gate.
  8288 | Bailey   | Found a runed gate.
  8317 | Bailey   | Reached skill level 4 in Shields
  8573 | Bailey   | Killed an orc warlord
  8573 | Bailey   | Reached skill level 5 in Shields
  8573 | Bailey   | Gained mutation: You are completely covered in large bone plates. (SH +8) [demonic ancestry]
  8573 | Bailey   | Reached XP level 11. HP: 61/77 MP: 16/16
  8767 | D:9      | Reached skill level 6 in Shields
  8805 | D:9      | Noticed a two-headed ogre
  8818 | D:9      | Killed a two-headed ogre
  8822 | D:9      | Found an iron altar of Okawaru.
  8928 | D:9      | Found a hide-covered altar of Uskayaw.
  8977 | D:9      | Reached skill level 7 in Shields
  9103 | D:9      | Found an ornate altar of the Wu Jian Council.
  9335 | D:10     | Entered Level 10 of the Dungeon
  9643 | D:10     | Noticed Maurice
  9648 | D:10     | Killed Maurice
  9648 | D:10     | Reached skill level 8 in Shields
 10267 | D:10     | Found Jiecsueg's Distillery.
 10270 | D:10     | Bought a potion of degeneration for 16 gold pieces
 10270 | D:10     | Bought a potion of mutation for 128 gold pieces
 10270 | D:10     | Bought a potion of flight for 48 gold pieces
 10270 | D:10     | Bought a potion of resistance for 160 gold pieces
 10271 | D:10     | Bought a potion of flight for 48 gold pieces
 10296 | D:11     | Noticed an unseen horror
 10301 | D:11     | Noticed a two-headed ogre
 10310 | D:11     | Reached skill level 9 in Shields
 10313 | D:11     | Killed a two-headed ogre
 10313 | D:11     | Killed an unseen horror
 10331 | D:11     | Reached skill level 10 in Shields
 10377 | D:11     | Noticed a two-headed ogre
 10379 | D:11     | Noticed a purple ugly thing
 10383 | D:11     | Killed a two-headed ogre
 10387 | D:11     | Killed a purple ugly thing
 10553 | D:11     | Noticed Harold
 10556 | D:11     | Killed Harold
 10556 | D:11     | Gained mutation: You have a pair of large horns on your head. [demonic ancestry]
 10556 | D:11     | Reached XP level 12. HP: 83/83 MP: 17/17
 10586 | D:11     | Reached skill level 11 in Shields
 10893 | D:11     | Noticed a seven-headed hydra
 10895 | D:11     | Reached XP level 13. HP: 98/98 MP: 18/18
 10900 | D:11     | Learned a level 3 spell: Static Discharge
 10905 | D:11     | Learned a level 4 spell: Airstrike
 10905 | D:11     | Reached XP level 14. HP: 104/104 MP: 19/19
 10930 | D:11     | Reached skill level 1 in Spellcasting
 10930 | D:11     | Reached skill level 1 in Conjurations
 11242 | D:11     | Found a staircase to the Lair.
 11432 | Lair:1   | Entered Level 1 of the Lair of Beasts
 11602 | Lair:1   | Reached ****** piety under Ashenzari
 13136 | Lair:3   | Found a staircase to the Shoals.
 13553 | Lair:3   | Reached skill level 12 in Shields
 13768 | Lair:3   | Learned a level 5 spell: Lightning Bolt
 13969 | Lair:4   | Found a hole to the Spider Nest.
 14293 | Lair:4   | Learned a level 3 spell: Mephitic Cloud
 15078 | Lair:5   | Reached skill level 5 in Conjurations
 15270 | Lair:5   | Reached skill level 5 in Spellcasting
 16190 | Lair:5   | Reached XP level 15. HP: 109/109 MP: 18/23
 16272 | Lair:6   | Entered Level 6 of the Lair of Beasts
 16272 | Lair:6   | Noticed Duffy's ghost (journeyman DEFE)
 16333 | Lair:6   | Killed from afar by Duffy's ghost

Vault maps used:
D:1:      elethiomel_arrival_maze, xom_teletrap_fun
D:2:      nicolae_overflow_crystal_walls, tgw_trog, uniq_robin
D:3:      eat_drink_and_be_merry_uskayaw, kiku_gazebo_garden_becter
D:4:      lemuel_doored_altar, uniq_pikel
D:5:      kennysheep_spiral_hall, grunt_temple_overflow_open, first_bread,
          uniq_edmund, uniq_blork_the_orc, uniq_grinder
D:6:      nicolae_tso_carved_into_rock, cheibrodos_ashenzari_chains
D:7:      minmay_temple_entry_glass, basic_altar, grunt_livestock,
          kennysheep_generic_room_15
D:8:      lemuel_slime, eino_tiny_chamber, uniq_psyche
D:9:      kennysheep_okawaru_gauntlet, old_standard_altar, basic_altar,
          enter_bailey_2
D:10:     serial_shops, kennysheep_mini, uniq_maurice
D:11:     lair_entry_dummy, lightli_fourway_metalbox, uniq_harold
D:12:     minmay_isolated_rectangles_in_corner, hiddenorc1_lemuel, serial_shops,
          nicolae_shop_crystal, uniq_nergalle
Lair:1:   grunt_megastairs_5, lemuel_fruit_fields
Lair:2:   roderic_carrion_pond, serial_bayou_shore_b, grunt_megastairs_4
Lair:3:   elwin_shoals_entry_rocks, kennysheep_basilisk_garden,
          grunt_megastairs_2, infiniplex_staircase_pool
Lair:4:   nicolae_spider_entry_non_spiders, lemuel_fruit_tree,
          minmay_lair_oklob_chamber
Lair:5:   regret_index_wax_grids, hangedman_lair_unloving_vines
Lair:6:   evilmike_catoblepas_cave, minmay_slime_entry_pillars
Bailey:   bailey_axe_bossmonster_kennysheep, bailey

Skill      XL: |  1  2  3  4  5  6  7  8  9 10 11 12 13 14 15 |
---------------+----------------------------------------------+-----
Short Blades   | 1 2 3 4 5 7 8 |  8.3
Evocations     | 2 4 6 7 |  7.6
Armour         | 3 5 6 |  6.6
Dodging        | 5 6 7 |  7.6
Shields        | 5 10 11 12 | 12.3
Fighting       | 7 |  7.8
Air Magic      | 4 7 9 |  9.5
Spellcasting   | 5 |  5.6
Conjurations   | 5 6 |  6.0
Stealth        | |  3.6
Unarmed Combat | |  0.5

Action                   |  1- 3 |  4- 6 |  7- 9 | 10-12 | 13-15 || total
-------------------------+-------+-------+-------+-------+-------++-------
Melee: Short sword       |    94 |    61 |   273 |   571 |   778 ||  1777
       Unarmed           |     6 |       |       |       |       ||     6
       Headbutt          |    10 |    11 |    51 |   114 |   153 ||   339
       Punch             |       |       |       |     1 |       ||     1
 Cast: Airstrike         |       |       |       |       |    14 ||    14
Invok: Curse Item        |     2 |     1 |     2 |     1 |       ||     6
Evoke: Wand              |       |       |     3 |    24 |    45 ||    72
       Box of beasts     |       |       |       |     1 |     1 ||     2
       Lamp of fire      |       |       |       |       |     1 ||     1
  Use: Scroll            |       |    10 |     4 |     7 |     5 ||    26
       Potion            |       |       |     1 |     5 |     6 ||    12
 Stab: Sleeping          |     4 |     6 |     2 |     3 |     8 ||    23
       Distracted        |       |     1 |       |     4 |     4 ||     9
       Invisible         |       |       |       |     1 |    15 ||    16
  Eat: Chunk             |     3 |     6 |    10 |    13 |    20 ||    52
Armor: Robe              |    11 |     2 |     1 |       |       ||    14
       Scale mail        |       |       |    34 |    48 |    51 ||   133
       Skin              |       |       |     2 |    50 |    30 ||    82
Dodge: Dodged            |    55 |    19 |    77 |    94 |    94 ||   339
Block: Other             |       |       |    46 |     7 |       ||    53
       Shield            |       |       |       |   295 |   435 ||   730
